 Dungeon Crawl Stone Soup version 0.29.1-15-g9cfb28693d (webtiles) character file.

Game seed: 2805814934166543115

16 protoss039 the Digger (level 2, 21/21 HPs)
             Began as a Demonspawn Earth Elementalist on Mar 12, 2023.
             Got out of the dungeon alive.
             The game lasted 00:00:49 (829 turns).

protoss039 the Digger (DsEE)                         Turns: 829, Time: 00:00:49

Health: 21/21      AC:  7    Str:  8    XL:     2   Next: 41%
Magic:  5/5        EV: 10    Int: 16    God:
Gold:   36         SH:  0    Dex: 13    Spells: 4/5 levels left

rFire   . . .      SeeInvis .   c - +0 spear
rCold   . . .      Faith    .   (no shield)
rNeg    . . .      Spirit   .   h - +0 ring mail
rPois   .          Reflect  .   (no helmet)
rElec   .          Harm     .   (no cloak)
rCorr   .          Rampage  .   (no gloves)
Will    .....                   (no boots)
Stlth   +.........              (no amulet)
HPRegen 0.07/turn               (no ring)
MPRegen 0.09/turn               (no ring)

@: no status effects
A: slimy green scales 1
a: no special abilities


You escaped.
You visited 1 branch of the dungeon, and saw 1 of its levels.

You collected 36 gold pieces.

Inventory:

Hand Weapons
 c - a +0 spear (weapon)
Armour
 h - a +0 ring mail (worn)
Jewellery
 j - a ring of flight
Scrolls
 d - a scroll of blinking {unknown}
 e - 2 scrolls of identify {unknown}
 f - a scroll of fog {unknown}
 g - a scroll of summoning {unknown}
 i - a scroll of teleportation {unknown}
Potions
 a - a potion of attraction {unknown}
 b - a potion of magic
 k - 2 potions of lignification {unknown}


   Skills:
 + Level 1.1 Fighting
 - Level 1.7 Dodging
 - Level 1.7 Stealth
 + Level 2.3 Spellcasting
 - Level 0.8 Transmutations
 + Level 2.9 Earth Magic


You had 4 spell levels left.
You knew the following spells:

 Your Spells              Type           Power      Damage    Failure   Level
a - Sandblast             Erth           22%        2d7       19%         1

Your spell library contained the following spells:

 Spells                   Type           Power      Damage    Failure   Level
 Passwall                 Tmut/Erth      6%         N/A       38%         2
 Beastly Appendage        Tmut           8%         N/A       41%         1
 Wereblood                Tmut           4%         N/A       54%         2
 Stone Arrow              Conj/Erth      12%        3d7       71%         3
 Spider Form              Tmut/Pois      3%         N/A       83%         3
 Petrify                  Tmut/Erth      8%         N/A       95%         4


Dungeon Overview and Level Annotations

Branches:
Dungeon (1/15) Zot: 5165

Altars:


Innate Abilities, Weirdness & Mutations

You are partially covered in slimy green scales. (AC +2)


Message History

No target in view!
You see here a +0 mace.
A bat comes into view.
A bat is nearby!
You reach to attack!
The helpless bat fails to defend itself.
You hit the bat.
The bat is severely wounded.
The bat hits you but does no damage. x2
A bat is nearby!
You hit the bat but do no damage.
The bat is severely wounded.
The bat closely misses you. The bat completely misses you.
A bat is nearby!
You hit the bat.
You kill the bat!
You see here a +0 mace.
Found a faded altar of an unknown god.
No target in view!
Found a spear.
No target in view!
You see here a +0 spear.
Done exploring.
No target in view!
Done exploring.
No target in view!
Done exploring.
Done exploring.
No target in view!
Done exploring.
No target in view!
Done exploring.
No target in view!
Done exploring.
Search for what [? for help]? .
Unknown command.
You see here a +0 spear.
There is a staircase leading out of the dungeon here.
Are you sure you want to leave the Dungeon?
This will make you lose the game!
You have escaped!

#...........## #......##
#...........# #........
#..######.#### ######...
#..# #....## #...#. #..#
#.##^.########.###. ##.##
#..................
#..###################..####


#...PPPPPPPPPPPPPPP.#..## # ##..........@..........## ##
#....PPPPPPPPPPPPPPP...# #. #...#################.## #. #...# #.......### #.
#...# #.........####. #.†.# ##.............. #...# ####..#.......##### #...#
#.....#.......# #...# ##)###.#.......# There were no monsters in sight!

Vanquished Creatures
  2 ball pythons (D:1)
  2 bats (D:1)
  3 endoplasms (D:1)
  2 goblins (D:1)
  A quokka (D:1)
  2 kobolds (D:1)
  3 rats (D:1)
15 creatures vanquished.

Notes
Turn   | Place    | Note
-------+----------+-------------------------------------------
     0 | D:1      | protoss039 the Demonspawn Earth Elementalist began the
                  | quest for the Orb.
     0 | D:1      | Reached XP level 1. HP: 13/13 MP: 3/3
   342 | D:1      | Gained mutation: You are partially covered in slimy green
                  | scales. (AC +2) [demonic ancestry]
   342 | D:1      | Reached XP level 2. HP: 20/20 MP: 5/5
   346 | D:1      | Reached skill level 1 in Fighting
   353 | D:1      | HP: 1/21 [frozen (5)]
   768 | D:1      | Found a faded altar of an unknown god.
   829 | D:$      | Got out of the dungeon alive.

Illustrated notes

Levels and vault maps discovered:
D:1:      eino_arrival_tree_alley, layout_rooms,
          shapermc_ecumenical_altar_pompeii, minmay_tetromino_s2

Skill      XL: |  1  2 |
---------------+-------+-----
Fighting       | 1 |  1.1
Dodging        | |  1.7
Stealth        | |  1.7
Spellcasting   | |  2.3
Transmutations | |  0.8
Earth Magic    | |  2.9

Action                   || total
-------------------------++-------
Melee: Spear             ||    20
 Cast: Sandblast         ||     9
 Stab: Sleeping          ||     1
Armor: Ring mail         ||    11
       Robe              ||     1
Dodge: Dodged            ||    14
